 Dungeon Crawl Stone Soup version 0.29.1-15-g9cfb28693d (webtiles) character file.

Game seed: 1788416697453117455

1508120 roguespy the Acrobat (level 27, 159/159 HPs)
             Began as a Kobold Brigand on Mar 16, 2023.
             Was an Elder of Hepliaklqana.
             Escaped with the Orb
             ... and 3 runes on Mar 19, 2023!
             The game lasted 08:57:46 (92793 turns).

roguespy the Acrobat (Kobold Brigand)              Turns: 92793, Time: 08:57:47

Health: 159/159    AC: 22    Str: 17    XL:     27
Magic:  33/33      EV: 51    Int: 15    God:    Hepliaklqana [****..]
Gold:   4332       SH: 22    Dex: 39    Spells: 8/33 levels left

rFire   + + +      SeeInvis .   e - +7 sling of the Chain {freeze, rPois Int-3 Dex+6}
rCold   + . .      Faith    .   R - +2 kite shield {reflect}
rNeg    + . .      Spirit   +   W - +4 moon troll leather armour {Spirit, Regen++ MP+5}
rPois   +          Reflect  +   v - +2 helmet "Veqacuip" {rElec rF+ Dex+5}
rElec   +          Harm     .   B - +2 cloak {Will+}
rCorr   +          Rampage  .   J - +2 pair of gloves of Painted the Leaf {rElec rF++ rN+ Will-}
Will    ++...      Clarity  +   L - +2 pair of boots
Stlth   +++.......              D - amulet "Relem" {Spirit Str+4 Int+4 Dex+3}
HPRegen 1.96/turn               Q - ring of protection from cold
MPRegen 0.23/turn               M - ring of Satyriasis {rCorr Str+5}

@: no status effects
A: reduced essence, small, no large weapons, nightstalker 3, clarity, clumsy 2,
deformed body, deterioration 1, sense surroundings 1
0: Orb of Zot
}: 3/15 runes: decaying, silver, gossamer
a: Renounce Religion, Recall Ancestor, Ancestor Identity, Transference, Idealise


You escaped.
You worshipped Hepliaklqana.
Hepliaklqana was greatly pleased with you.
You visited 11 branches of the dungeon, and saw 51 of its levels.
You also visited: Bailey and Wizlab.

You collected 8300 gold pieces.
You spent 3968 gold pieces at shops.

Inventory:

Hand Weapons
 a - a +9 scimitar of freezing
 b - the +11 war axe of the Kissing Owl {freeze, *Noise rF+++ rCorr Int-5}
   (You found it on level 3 of the Crypt)

   It freezes those it strikes, dealing additional cold damage.
   It can also slow down cold-blooded creatures.
   Int:       It affects your intelligence (-5).
   rF:        It renders you almost immune to fire.
   *Noise:    It may make noises in combat.
   rCorr:     It protects you from acid and corrosion.
 d - the +11 demon blade "Xeil" {protect, Str+6}
   (You took it off a frost giant on level 3 of the Depths)

   It grants its wielder temporary protection when it strikes (+7 to AC).
   Str:       It affects your strength (+6).
 e - the +7 sling of the Chain (weapon) {freeze, rPois Int-3 Dex+6}
   (You found it on level 1 of the Elven Halls)

   Any ammunition fired from it freezes those it strikes, dealing additional
   cold damage.
   It can also slow down cold-blooded creatures.
   Int:       It affects your intelligence (-3).
   Dex:       It affects your dexterity (+6).
   rPois:     It protects you from poison.
 n - a +3 vorpal triple crossbow
 s - the +11 falchion of Callousness {elec, rC+}
   (You found it on level 3 of the Elven Halls)

   It occasionally discharges a powerful burst of electricity upon striking a
   foe.
   rC:        It protects you from cold.
 w - the +3 rapier of the Coin {antimagic, Int+6 Stlth+}
   (You took it off a deep elf annihilator on level 3 of the Elven Halls)

   It reduces the magical energy of the wielder, and disrupts the spells and
   magical abilities of those it strikes.
   Natural abilities and divine invocations are not affected.
   Int:       It affects your intelligence (+6).
   Stlth:     It makes you more stealthy.
Armour
 v - the +2 helmet "Veqacuip" (worn) {rElec rF+ Dex+5}
   (You found it on level 5 of the Vaults)

   Dex:       It affects your dexterity (+5).
   rF:        It protects you from fire.
   rElec:     It insulates you from electricity.
 B - a +2 cloak of willpower (worn)
 J - the +2 pair of gloves of Painted the Leaf (worn) {rElec rF++ rN+ Will-}
   (You found it on level 4 of the Spider Nest)

   rF:        It greatly protects you from fire.
   rElec:     It insulates you from electricity.
   rN:        It protects you from negative energy.
   Will:      It decreases your willpower.
 K - the +0 pair of gloves "Ivudonke" {-Tele Int+6}
   (You found it on level 3 of the Elven Halls)

   Int:       It affects your intelligence (+6).
   -Tele:     It prevents most forms of teleportation.
 L - a +2 pair of boots (worn)
 R - a +2 kite shield of reflection (worn)
 S - the +2 pair of gloves "Ixtis" {rN+++ Dex-2 SInv Stlth+}
   (You found it in a bailey)

   Dex:       It affects your dexterity (-2).
   rN:        It renders you almost immune to negative energy.
   SInv:      It lets you see invisible.
   Stlth:     It makes you more stealthy.
 W - the +4 moon troll leather armour (worn) {Spirit, Regen++ MP+5}
   (You found it on level 3 of the Spider Nest)

   MP:        It affects your magic capacity (+5).
   Regen:     It increases your rate of health regeneration.
Jewellery
 c - a ring of protection from fire
 h - a +4 ring of evasion
 i - an amulet of the acrobat
 l - a +6 ring of dexterity
 t - a ring of protection from fire
 u - a +4 ring of protection
 z - a +4 ring of protection
 D - the amulet "Relem" (around neck) {Spirit Str+4 Int+4 Dex+3}
   (You took it off an ogre mage on level 5 of the Vaults)

   [amulet of guardian spirit]

   It causes incoming damage to be divided between your reserves of health and
   magic.
   Str:       It affects your strength (+4).
   Int:       It affects your intelligence (+4).
   Dex:       It affects your dexterity (+3).
 H - a +4 ring of evasion
 I - the ring of Anarchy {Wiz MP+9}
   (You took it off a deep elf demonologist on level 3 of the Elven Halls)

   [ring of wizardry]

   It improves your spell success rate.
   MP:        It affects your magic capacity (+9).
 M - the ring of Satyriasis (right hand) {rCorr Str+5}
   (You found it on level 5 of the Vaults)

   [ring of resist corrosion]

   Str:       It affects your strength (+5).
   rCorr:     It protects you from acid and corrosion.
 N - the amulet "Qoddiym" {Reflect rElec SH+5}
   (You acquired it on level 5 of the Dungeon)

   [amulet of reflection]

   It reflects blocked missile attacks.
   rElec:     It insulates you from electricity.
   SH:        It affects your SH (+5).
 Q - a ring of protection from cold (left hand)
 T - a ring of willpower
 V - a ring of willpower
Wands
 o - a wand of iceblast (56)
Scrolls
 m - 16 scrolls of teleportation
 q - 12 scrolls of poison
 x - 2 scrolls of fear
 y - 3 scrolls of butterflies
 A - a scroll of magic mapping
 Z - 15 scrolls of immolation
Potions
 f - 6 potions of might
 g - 12 potions of curing
 k - 14 potions of heal wounds
 r - 6 potions of brilliance
 C - 6 potions of mutation
 E - 2 potions of invisibility
 G - 2 potions of magic
 O - 3 potions of resistance
 P - 12 potions of ambrosia
 U - 6 potions of cancellation
 X - 7 potions of berserk rage


   Skills:
 + Level 19.3 Fighting
 - Level 10.1(15.6) Short Blades
 - Level 12.5(13.1) Long Blades
 + Level 22.2 Ranged Weapons
 - Level 2.2 Throwing
 - Level 13.2 Armour
 + Level 23.2 Dodging
 - Level 15.3 Stealth
 - Level 17.3 Shields
 - Level 3.7 Spellcasting
 - Level 15.0 Conjurations
 - Level 5.2 Summonings
 - Level 13.5 Necromancy
 - Level 8.9 Ice Magic
 - Level 4.8 Air Magic
 - Level 16.1 Earth Magic
 - Level 7.1 Invocations


You had 8 spell levels left.
You knew the following spells:

 Your Spells              Type           Power      Damage    Failure   Level
a - Ozocubu's Armour      Ice            29%        N/A       3%          3
b - Ozocubu's Refrigerat  Ice            14%        4d10      100%        7
c - Swiftness             Air            17%        N/A       17%         3
d - Shock                 Conj/Air       100%       1d9       1%          1
e - Borgnjor's Vile Clut  Necr/Erth      23%        N/A       2%          5
f - Iron Shot             Conj/Erth      24%        9d5       11%         6

Your spell library contained the following spells:

 Spells                   Type           Power      Damage    Failure   Level
 Magic Dart               Conj           100%       1d8       1%          1
 Necrotise                Necr           100%       1d9       1%          1
 Sandblast                Erth           100%       2d20      1%          1
 Static Discharge         Conj/Air       32%        3-7/arc   1%          2
 Sublimation of Blood     Necr           43%        N/A       1%          2
 Stone Arrow              Conj/Erth      98%        3d13      1%          3
 Vampiric Draining        Necr           43%        2d9       1%          3
 Animate Dead             Necr           43%        N/A       1%          4
 Dispel Undead            Necr           43%        3d17      1%          4
 Lee's Rapid Deconstruct  Erth           25%        3d15*     1%          5
 Passwall                 Tmut/Erth      22%        N/A       2%          2
 Iskenderun's Battlesphe  Conj           47%        2d10      2%          5
 Animate Armour           Summ/Erth      68%        N/A       4%          4
 Agony                    Necr           43%        N/A       4%          5
 Conjure Flame            Conj/Fire      25%        6-21      5%          3
 Dazzling Flash           Conj/Hex       50%        N/A       5%          3
 Call Imp                 Summ           18%        N/A       8%          2
 Mephitic Cloud           Conj/Pois/Air  22%        N/A       9%          3
 Ensorcelled Hibernation  Hex/Ice        32%        N/A       10%         2
 Leda's Liquefaction      Hex/Erth       13%        N/A       14%         4
 Petrify                  Tmut/Erth      27%        N/A       14%         4
 Flame Wave               Conj/Fire      25%        2d8       19%         4
 Iskenderun's Mystic Bla  Conj/Tloc      25%        2d7       19%         4
 Sticky Flame             Conj/Fire      25%        2d5       19%         4
 Lightning Bolt           Conj/Air       16%        1d30      19%         5
 Poisonous Vapours        Pois/Air       20%        N/A       22%         2
 Freezing Cloud           Conj/Ice/Air   15%        6-21      22%         5
 Death Channel            Necr           21%        N/A       24%         6
 Anguish                  Hex/Necr       11%        N/A       26%         4
 Corpse Rot               Necr/Pois/Air  21%        N/A       32%         4
 Slow                     Hex            8%         N/A       38%         1
 Sting                    Tmut/Pois      8%         1d3       38%         1
 Summon Lightning Spire   Summ/Air       17%        N/A       45%         4
 Fireball                 Conj/Fire      12%        3d7       45%         5
 Irradiate                Conj/Tmut      12%        3d15      45%         5
 Airstrike                Air            8%         2d(2-18)  50%         4
 Blink                    Tloc           4%         N/A       52%         2
 Scorch                   Fire           4%         2d5       52%         2
 Simulacrum               Ice/Necr       18%        N/A       54%         6
 Orb of Destruction       Conj           23%        9d8       58%         7
 Conjure Ball Lightning   Conj/Air       16%        3x3d6     71%         6
 Confusing Touch          Hex            2%         N/A       77%         3
 Ignite Poison            Fire/Tmut/Pois 2%         N/A       77%         3
 Inner Flame              Hex/Fire       2%         N/A       77%         3
 Spider Form              Tmut/Pois      2%         N/A       77%         3
 Tukima's Dance           Hex            2%         N/A       77%         3
 Metabolic Englaciation   Hex/Ice        8%         N/A       88%         5
 Starburst                Conj/Fire      12%        6d5       96%         6
 Summon Forest            Summ/Tloc      5%         N/A       98%         5
 Cause Fear               Hex            1%         N/A       99%         4
 Olgreb's Toxic Radiance  Pois           2%         N/A       99%         4
 Passage of Golubria      Tloc           2%         N/A       99%         4
 Silence                  Hex/Air        5%         N/A       99%         5
 Spellforged Servitor     Conj/Summ      16%        N/A       99%         7
 Lehudib's Crystal Spear  Conj/Erth      24%        10d7      99%         8
 Alistair's Intoxication  Tmut/Pois      1%         N/A       100%        5
 Blade Hands              Tmut           1%         N/A       100%        5
 Manifold Assault         Tloc           2%         N/A       100%        5
 Yara's Violent Unravell  Hex/Tmut       1%         3d3       100%        5
 Eringya's Noxious Bog    Tmut/Pois      1%         N/A       100%        6
 Summon Cactus Giant      Summ           9%         N/A       100%        6
 Dragon Form              Tmut           1%         N/A       100%        7
 Haunt                    Necr/Summ      15%        N/A       100%        7
 Storm Form               Tmut/Air       5%         N/A       100%        7
 Summon Hydra             Summ           9%         N/A       100%        7
 Borgnjor's Revivificati  Necr           21%        N/A       100%        8
 Discord                  Hex            1%         N/A       100%        8
 Disjunction              Tloc           1%         N/A       100%        8
 Infestation              Necr           21%        N/A       100%        8
 Maxwell's Capacitive Co  Air            8%         ∞         100%        8
 Death's Door             Necr           21%        N/A       100%        9


Dungeon Overview and Level Annotations

Branches:
Dungeon (15/15)            Temple (0/1) D:7            Lair (5/5) D:11
  Swamp (4/4) Lair:3       Spider (4/4) Lair:3        Slime (1/5) Lair:5
    Orc (2/2) D:9             Elf (3/3) Orc:2        Vaults (5/5) D:13
  Crypt (3/3) Vaults:3       Tomb (0/3) Crypt:3      Depths (4/4) D:15
    Zot (5/5) Depths:4     Bailey (visited)          WizLab (visited)

Altars:
Ashenzari
Cheibriados
Dithmenos
Fedhas
Gozag
Hepliaklqana
Kikubaaqudgha
Ru
Sif Muna
Trog
Uskayaw
Vehumet
Wu Jian
Xom
Yredelemnul
Zin
The Shining One
Jiyva

Shops:
D:5 *   D:6 ?   D:15 ?   Orc:1 :   Orc:2 :(*[   Elf:2 [   Elf:3 !   Vaults:2 *
Depths:2 (

Portals:
Hell: Depths:1 Depths:2 Depths:3 Depths:4
Abyss: Depths:2 Depths:3
Pandemonium: Depths:1 Depths:2 Depths:4
Ziggurat: Depths:4
Trove: D:15 (give +4 fire dragon scales)

Annotations:
D:2 1 runed translucent door, Crazy Yiuf, Terence
D:13 3 runed translucent doors
Lair:2 2 exclusions
Swamp:1 3 runed translucent doors
Swamp:2 1 runed translucent door, Adwoimy's ghost, adept OpSu
Spider:2 Roxanne
Spider:4 leetdood's ghost, adept MiFi; roguespy's ghost, adept TrFi
Elf:1 3 runed translucent doors
Elf:3 3 runed translucent doors
Zot:2 2 exclusions
Zot:5 1 exclusion


Innate Abilities, Weirdness & Mutations

Your life essence is reduced to manifest your ancestor. (-10% HP)
You are small and have problems with some larger weapons.
You are completely attuned to the shadows.
You possess an exceptional clarity of mind.
You are very clumsy. (Dex -4)
Armour fits poorly on your strangely shaped body.
Your body sometimes deteriorates upon taking damage.
You passively map a small area around you.


Message History

The sling bullet hits the hellion but does no damage.
Mirna casts a spell.
Mirna seems to speed up.
Fire: e) +7 sling of the Chain {freeze, rPois Int-3 Dex+6}
Press: ? - help, Q - select action, (/) - cycle Shift-Dir - straight line, f/p - hellion
Aim: a hellion (ally target, 81% to hit)
You shoot a sling bullet. The sling bullet hits the hellion!
The sling bullet freezes the hellion.
The hellion is moderately wounded.
Fire: e) +7 sling of the Chain {freeze, rPois Int-3 Dex+6}
Press: ? - help, Q - select action, (/) - cycle Shift-Dir - straight line, f/p - hellion
Aim: a hellion (moderately wounded, ally target, 81% to hit)
You shoot a sling bullet. The sling bullet hits the hellion!
The sling bullet freezes the hellion.
The hellion is severely wounded.
You block the hellion's attack.
Mirna closely misses the hellion.
Fire: e) +7 sling of the Chain {freeze, rPois Int-3 Dex+6}
Press: ? - help, Q - select action, (/) - cycle Shift-Dir - straight line, f/p - hellion
Aim: a hellion (severely wounded, ally target, 81% to hit)
You shoot a sling bullet. The sling bullet hits the hellion!
The sling bullet freezes the hellion.
You kill the hellion!
There is a stone staircase leading up here.
(D) Dungeon (T) Temple (L) Lair (S) Swamp (N) Spider Nest (M) Slime Pits (O) Orcish Mines (E) Elven Halls (V) Vaults (C) Crypt (W) Tomb (U) Depths (H) Hell (Z) Zot
Where to? (Enter - D:1, ? - help)
What level of the Dungeon? (default 1, ? - help)
You climb upwards.
There is a stone staircase leading down here.
There is a stone staircase leading down here.
You enter the shallow water.
Moving in this stuff is going to be slow.
Blink to where?
Press: ? - help, Dir - move target Splash!
As you read the scroll of blinking, it crumbles to dust.
There is a staircase leading out of the dungeon here.
You have escaped!

######## #......# #######
#......# #.....# #......# #.....#
#########..# #.....#
##.....###..### #.....#
#.#####.###...##
#.....###.8≈8≈8..#.....##########
>.....#...§≈≈≈~R@#...............
>)......#.8≈8≈8..#......#####.###
#.....###.#####.##......##.......
#......###.....###.....###....###
..##...###########....####....#
............# #...........).###
.#.........## #..........###.#.
.#.........# #..........# ##.#
...........#### #..........# #.#.


You could see the friendly Mirna the knight (reflecting).

Vanquished Creatures
  A dread lich (Zot:5)
  2 ancient liches
  3 orbs of fire
  Mara (Depths:1)
  4 juggernauts
  3 Killer Klowns (Zot:5)
  A shard shrike (Zot:5)
  5 golden dragons
  A doom hound (Crypt:1)
  Arachne (Spider:2)
  2 hellephants (Vaults:2)
  3 electric golems
  8 tentacled monstrosities
  7 Orb Guardians (Zot:5)
  A titan (Depths:2)
  A deep elf master archer (Elf:3)
  2 liches
  2 quicksilver dragons
  3 acid blobs (Zot:2)
  3 deep elf blademasters
  2 death cobs
  2 tengu reavers
  7 storm dragons
  4 shadow dragons
  A thorn hunter (Swamp:4)
  2 fenstrider witches
  2 fire giants (Vaults:5)
  2 emperor scorpions (Spider:3)
  A draconian knight (Zot:5)
  2 ghost moths
  An orc warlord (Orc:1)
  5 vault wardens
  A cacodemon (Zot:1)
  4 deep elf sorcerers
  A draconian scorcher (Zot:5)
  5 frost giants
  2 draconian stormcallers (Zot:3)
  2 deep elf elementalists (Elf:3)
  5 draconian shifters
  A curse skull (Crypt:2)
  4 ghouls
  3 war gargoyles
  A broodmother (Spider:3)
  12 very ugly things
  5 draconian annihilators
  9 ironbound preservers
  5 stone giants
  3 black draconians
  An eleionoma (Swamp:4)
  2 vampire knights
  Nessos (D:15)
  6 yellow draconians
  7 green draconians
  A deep elf demonologist (Elf:3)
  6 dire elephants
  6 red draconians
  A bunyip (Swamp:3)
  6 purple draconians
  3 deep elf annihilators (Elf:3)
  2 spark wasps
  5 white draconians
  Snorg (Lair:3)
  2 jiangshi (Depths:2)
  3 deep elf death magi
  2 ettins
  A crystal guardian (Vaults:4)
  3 fire dragons
  2 deep elf high priests (Elf:3)
  A great orb of eyes (Vaults:3)
  6 yaktaur captains
  A spriggan zombie (Crypt:1)
  An ice dragon (Depths:4)
  2 rakshasas
  8 vault guards
  2 radroaches
  An ogre mage (D:15)
  12 hydras
  5 ironbound frosthearts
  A catoblepas (Lair:5)
  A spriggan air mage (Depths:1)
  4 boulder beetles
  3 ghost crabs
  Erica (D:9)
  An alligator (Swamp:1)
  The ghost of hndcvy the Spear-Bearer, a novice MiFi of Okawaru (D:10)
  19 dancing weapons
  2 jorogumos (Spider:3)
  An alligator (shapeshifter) (Vaults:3)
  8 centaur warriors
  A death knight (Crypt:1)
  12 two-headed ogres
  3 tengu warriors
  A hell hog (Depths:1)
  A spriggan berserker (Depths:2)
  5 death yaks
  A deep troll shaman (Depths:3)
  2 orc high priests (Orc:2)
  3 deep troll earth magi
  4 vampire magi
  9 hell knights
  15 deep elf knights
  3 soul eaters (D:13)
  A sun demon (Zot:3)
  A shadow wraith (D:13)
  A spark wasp zombie (Depths:2)
  4 pharaoh ants
  5 swamp dragons
  A shadow demon (Depths:1)
  9 skeletal warriors
  2 spriggan druids (Swamp:1)
  4 iron trolls (Depths:1)
  An orb spider (Spider:2)
  2 flayed ghosts
  29 deep trolls
  A glowing orange brain (Depths:4)
  3 bog bodies
  5 lindwurms
  An orc knight (Orc:2)
  2 spectral wolf spiders (D:13)
  7 ironbound convokers
  8 deep elf archers
  A wizard (Vaults:1)
  2 tengu skeletons
  16 deep elf pyromancers
  14 ugly things
  11 necromancers
  8 phantasmal warriors
  5 oklob plants (Zot:2)
  13 wolf spiders
  4 cyclopes
  3 orc sorcerers
  17 deep elf zephyrmancers
  4 elephants
  A glowing shapeshifter (Depths:4)
  22 moths of wrath
  A salamander (Depths:4)
  2 will-o-the-wisps
  A guardian serpent (Elf:1)
  A spectral centaur (D:13)
  Maurice (D:8)
  3 manticores
  7 vault sentinels
  2 gargoyles
  2 torpor snails
  A smoke demon (D:14)
  A hellion (D:2)
  6 black mambas
  3 demonic crawlers
  7 cane toads
  6 centaur skeletons (D:13)
  Psyche (D:12)
  An efreet (D:10)
  2 freezing wraiths
  6 yaktaurs
  5 komodo dragons
  A guardian mummy (Crypt:1)
  An unseen horror skeleton (Crypt:2)
  2 tormentors
  2 human skeletons
  2 bloated husks
  6 trolls
  16 tarantellas
  2 meliai (Spider:4)
  2 red devils
  A mana viper skeleton (Crypt:2)
  A tyrant leech (Swamp:4)
  A hornet (D:9)
  A large abomination (D:13)
  A fire dragon zombie (Crypt:3)
  5 blink frogs
  A meliai zombie (D:13)
  2 dream sheep (Lair:4)
  A stone giant simulacrum (Crypt:1)
  25 slime creatures
  13 jumping spiders
  15 flying skulls
  3 air elementals
  3 centaur simulacra (D:13)
  A vampire (D:11)
  37 yaks
  5 culicivoras
  3 spriggans (Swamp:1)
  A shadow (D:11)
  2 wyverns
  3 water elementals
  Eustachio (D:5)
  A wraith (Crypt:2)
  A fire elemental (Depths:4)
  6 humans (D:13)
  19 redbacks
  3 basilisks
  A warg (Orc:1)
  5 vampire mosquitoes (D:12)
  8 swamp worms
  8 water moccasins
  An acid dragon (D:11)
  A floating eye (Depths:1)
  A water moccasin (shapeshifter) (Elf:2)
  3 swamp drakes
  17 orc warriors
  An ice beast (D:7)
  2 hornet zombies (D:13)
  A meliai simulacrum (D:13)
  4 centaurs
  10 ogres
  10 wolves
  4 bullfrogs
  A gnoll sergeant (D:5)
  An earth elemental (Elf:3)
  4 necrophages
  4 scorpions
  3 killer bees (D:7)
  A polar bear skeleton (Crypt:2)
  3 howler monkeys
  5 vampire bats (Bailey)
  4 wolf zombies (Bailey)
  6 electric eels
  9 jellies
  8 orc priests
  A gnoll bouda (D:5)
  6 hounds
  An iguana (D:5)
  A boggart zombie (D:13)
  16 orc wizards
  A deep dwarf zombie (Crypt:2)
  A boggart simulacrum (D:13)
  2 mummies (Crypt:1)
  15 gnolls
  16 adders
  A worm (D:2)
  3 dart slugs
  41 orcs
  6 endoplasms
  3 giant cockroaches
  9 goblins
  7 hobgoblins
  4 jackals (D:5)
  2 quokkas
  12 ball pythons
  8 bats
  A dart slug zombie (Crypt:1)
  7 frilled lizards
  A goblin skeleton (D:6)
  A goblin zombie (D:6)
  A hobgoblin zombie (D:6)
  7 kobolds
  A kobold skeleton (D:6)
  19 orc zombies
  A quokka skeleton (Crypt:2)
  5 rats
1133 creatures vanquished.

Vanquished Creatures (collateral kills)
  2 dread liches
  3 orbs of fire
  2 juggernauts
  Boris (Crypt:3)
  4 Killer Klowns
  Xtahua (Vaults:3)
  A curse toe (Zot:4)
  9 golden dragons
  Jory (Crypt:3)
  2 electric golems
  An iron giant (shapeshifter) (Depths:3)
  A doom hound (Crypt:1)
  A bone dragon (Crypt:3)
  A Tzitzimitl (Crypt:1)
  Jorgrun (Swamp:2)
  Mlioglotl (Swamp:2)
  15 tentacled monstrosities
  Grunn (Crypt:1)
  4 titans
  5 liches
  19 Orb Guardians (Zot:5)
  An Ice Fiend (Zot:1)
  A walking divine tome (Depths:3)
  2 deep elf master archers (Elf:3)
  3 quicksilver dragons
  2 ancient champions (Crypt:1)
  2 thorn hunters (Swamp:4)
  5 acid blobs (Zot:2)
  2 sphinxes
  5 shadow dragons
  4 death cobs
  Kirke (Swamp:2)
  11 storm dragons
  Donald (Spider:1)
  3 tengu reavers
  8 draconian monks
  7 draconian knights
  3 iron dragons (Vaults:5)
  A rockslime (Slime:1)
  9 frost giants
  7 vault wardens
  6 fire giants
  4 emperor scorpions
  4 deep elf sorcerers (Elf:3)
  An orc warlord (Orc:2)
  A balrug (Zot:3)
  3 draconian shifters
  5 ghouls
  4 draconian stormcallers
  A draconian scorcher (Zot:1)
  Louise (D:14)
  2 ghost moths
  3 deep elf elementalists
  A broodmother (Spider:3)
  2 reapers (Crypt:1)
  11 ironbound preservers
  5 draconian annihilators
  10 stone giants
  25 very ugly things
  5 war gargoyles
  6 black draconians
  3 ironbound thunderhulks
  7 deep elf demonologists
  8 vampire knights
  8 green draconians
  9 deep elf annihilators (Elf:3)
  11 purple draconians
  2 bunyips
  3 eleionomae
  A putrid mouth (Crypt:1)
  10 red draconians
  8 entropy weavers
  17 yellow draconians
  11 white draconians
  4 spark wasps
  10 dire elephants
  5 ettins
  5 crystal guardians
  5 eidola
  5 deep elf death magi
  A shambling mangrove (Swamp:4)
  6 fire dragons
  A spriggan zombie (Crypt:3)
  8 jiangshi
  2 deep elf high priests
  3 great orbs of eyes
  7 yaktaur captains
  22 vault guards
  3 rakshasas (Depths:2)
  A jorogumo (Spider:1)
  3 spriggan air magi
  A ghost crab (Swamp:3)
  18 hydras
  A hell beast (Zot:1)
  A spriggan skeleton (Depths:2)
  5 ogre magi
  4 peacekeepers
  5 ironbound frosthearts
  2 radroaches
  4 boulder beetles
  3 centaur warriors
  8 ice dragons
  A death knight (Crypt:1)
  13 two-headed ogres
  3 alligators
  3 death yaks (Lair:5)
  22 dancing weapons
  3 tengu warriors
  A bennu zombie (Crypt:2)
  An alligator (shapeshifter) (Depths:4)
  6 deep troll shamans
  11 deep troll earth magi
  A titan zombie (Depths:2)
  An emperor scorpion zombie (Crypt:1)
  4 orc high priests
  3 vampire magi
  22 hell knights
  4 spriggan berserkers
  A soul eater (Depths:4)
  Urug (D:13)
  5 iron trolls
  11 deep elf knights
  3 sun demons
  3 pharaoh ants
  Lodul (D:14)
  2 sixfirhies (Zot:1)
  3 shadow wraiths
  2 sun moths
  12 skeletal warriors
  3 goliath frogs (Swamp:3)
  A bunyip zombie (Crypt:3)
  2 spriggan druids
  8 orb spiders
  A flayed ghost (Crypt:2)
  A bunyip skeleton (Crypt:3)
  A golden dragon zombie (Crypt:3)
  3 bog bodies
  40 deep trolls
  7 steelbarb worms
  3 glowing orange brains
  10 wizards
  9 swamp dragons
  6 lindwurms
  An anaconda skeleton (Crypt:3)
  2 ironbound convokers
  12 phantasmal warriors
  16 deep elf archers
  3 orc knights
  A wolf spider (shapeshifter) (Depths:2)
  4 wolf spiders
  7 deep elf pyromancers
  15 deep elf zephyrmancers
  6 orc sorcerers
  A salamander (Depths:4)
  33 ugly things
  2 human zombies
  7 necromancers
  9 oklob plants
  A spectral centaur (D:13)
  A stone giant zombie (Crypt:1)
  4 will-o-the-wisps
  8 moths of wrath
  9 elephants
  A goliath frog skeleton (Crypt:1)
  A dire elephant zombie (Crypt:3)
  A black mamba (Lair:5)
  3 cane toads
  2 centaur zombies
  A fire giant skeleton (Depths:2)
  7 vault sentinels
  A rust devil (Depths:1)
  A cane toad (shapeshifter) (Depths:2)
  A gargoyle (D:12)
  3 torpor snails
  3 centaur skeletons
  7 demonic crawlers
  2 naga skeletons (Crypt:3)
  3 komodo dragons
  21 yaktaurs
  A rime drake (Lair:4)
  2 freezing wraiths
  An alligator snapping turtle skeleton (Crypt:1)
  An ice devil (Depths:1)
  A hellwing (Depths:1)
  3 tengu conjurers
  5 tyrant leeches
  A guardian mummy (Crypt:1)
  2 harpy zombies
  A troll (Orc:2)
  A bloated husk (Swamp:1)
  5 meliai (Spider:4)
  A wolf spider simulacrum (D:14)
  16 tarantellas
  A death drake skeleton (Crypt:2)
  7 hornets
  A hydra skeleton (Crypt:2)
  3 harpy skeletons
  29 slime creatures
  A dream sheep (shapeshifter) (Vaults:5)
  4 blink frogs
  A meliai zombie (D:13)
  25 flying skulls
  2 centaur simulacra (D:13)
  3 vampires
  5 spriggans
  15 jumping spiders
  2 air elementals (Elf:2)
  7 culicivoras
  2 water elementals
  4 wraiths
  2 wyverns (Lair:2)
  A dire elephant simulacrum (Crypt:1)
  20 yaks
  4 hogs (Swamp:2)
  A black mamba skeleton (Crypt:3)
  2 basilisks
  10 humans
  17 redbacks
  A vampire mosquito (D:12)
  8 swamp worms
  Edmund (D:6)
  A demonspawn zombie (Crypt:1)
  5 water moccasins
  An acid dragon (D:12)
  A hell hound (Spider:4)
  A floating eye (shapeshifter) (Vaults:4)
  A glowing shapeshifter skeleton (Crypt:1)
  An ice beast (D:6)
  3 swamp drakes (Swamp:4)
  A cane toad skeleton (Crypt:2)
  21 orc warriors
  2 floating eye zombies
  A black bear (Lair:5)
  9 ogres
  9 wolves
  A snapping turtle skeleton (Crypt:1)
  3 centaurs
  A kobold brigand (D:9)
  2 bullfrogs
  2 gnoll sergeants
  3 necrophages
  2 scorpions (D:5)
  4 wights (D:9)
  2 killer bees (D:7)
  9 electric eels
  3 vampire bats (Bailey)
  A howler monkey (D:9)
  2 wolf zombies (Bailey)
  2 gnoll boudas (D:5)
  11 jellies
  13 orc priests
  6 hounds
  A boggart zombie (D:13)
  An iguana (D:6)
  2 human skeletons (Crypt:1)
  26 orc wizards
  2 mummies (Crypt:1)
  16 gnolls
  2 adders
  2 shadow imps
  2 white imps
  A worm (D:3)
  39 orcs
  An endoplasm (D:4)
  4 jackals (D:5)
  5 kobolds
  A goblin skeleton (D:6)
  A goblin zombie (D:6)
  3 hobgoblin zombies (D:6)
  An orc skeleton (D:6)
  3 orc zombies
  3 briar patches (Swamp:4)
  A bush (Lair:5)
1394 creatures vanquished.

Vanquished Creatures (others)
  A golden dragon (Depths:4)
  A tengu warrior (Depths:3)
  A goliath frog (Swamp:1)
  2 deep elf archers
  A bog body (Swamp:1)
  A moth of wrath (Zot:5)
  An oklob plant (Zot:1)
  2 yaktaurs
  A tengu conjurer (Depths:2)
  A bloated husk (Swamp:1)
  A tyrant leech (Swamp:1)
  A human (Swamp:2)
  3 jellies (Zot:1)
  55 knights
  An ancestor (D:5)
  A briar patch (Swamp:4)
  A bush (Lair:5)
  12 foxfires
  50 fungi
  104 plants
241 creatures vanquished.

Grand Total: 2768 creatures vanquished

Notes
Turn   | Place    | Note
-------+----------+-------------------------------------------
     0 | D:1      | roguespy the Kobold Brigand began the quest for the Orb.
     0 | D:1      | Reached XP level 1. HP: 12/12 MP: 1/1
   346 | D:1      | Reached XP level 2. HP: 15/17 MP: 2/2
   749 | D:1      | Reached XP level 3. HP: 22/22 MP: 3/3
  1046 | D:2      | Noticed Terence
  1226 | D:2      | Found a hazy altar of Hepliaklqana.
  1232 | D:2      | Became a worshipper of Hepliaklqana the Forgotten
  1253 | D:2      | Reached skill level 2 in Dodging
  1599 | D:2      | Found a runed translucent door.
  1602 | D:2      | Noticed Crazy Yiuf
  1903 | D:2      | Reached XP level 4. HP: 27/27 MP: 4/4
  1918 | D:2      | Reached skill level 1 in Armour
  2304 | D:3      | Reached XP level 5. HP: 32/32 MP: 5/5
  2461 | D:3      | Reached skill level 1 in Shields
  2634 | D:3      | Reached XP level 6. HP: 37/37 MP: 6/6
  2891 | D:3      | Found the +1 Delatra's gloves {ID++}
  3092 | D:3      | Reached skill level 3 in Dodging
  3123 | D:3      | Found a faded altar of an unknown god.
  3243 | D:3      | Reached * piety under Hepliaklqana
  3961 | D:4      | Reached XP level 7. HP: 35/37 MP: 7/7
  4445 | D:5      | Entered Level 5 of the Dungeon
  4449 | D:5      | Noticed Eustachio
  4455 | D:5      | Killed Eustachio
  4456 | D:5      | Reached skill level 5 in Short Blades
  4663 | D:5      | Reached ** piety under Hepliaklqana
  4687 | D:5      | Reached skill level 4 in Dodging
  4967 | D:5      | Found Yngec's Assorted Antiques.
  4973 | D:5      | Reached XP level 8. HP: 43/43 MP: 8/8
  5290 | D:5      | Remembered your ancestor Mirna as a knight
  5522 | D:5      | Reached skill level 1 in Summonings
  5593 | D:5      | Reached skill level 5 in Fighting
  5639 | D:5      | Reached skill level 5 in Dodging
  5678 | D:5      | Reached XP level 9. HP: 36/48 MP: 9/9
  6406 | D:6      | Found a glowing golden altar of the Shining One.
  6843 | D:6      | Found Kugokest's Magic Scroll Shop.
  6849 | D:6      | Bought a scroll of enchant weapon for 82 gold pieces
  6849 | D:6      | Bought a scroll of identify for 22 gold pieces
  6849 | D:6      | Bought a scroll of enchant armour for 82 gold pieces
  6849 | D:6      | Bought a scroll of summoning for 104 gold pieces
  6849 | D:6      | Bought a scroll of enchant weapon for 82 gold pieces
  6849 | D:6      | Bought a scroll of teleportation for 33 gold pieces
  7095 | D:7      | Reached skill level 1 in Invocations
  7120 | D:7      | Found a staircase to the Ecumenical Temple.
  7201 | D:7      | Reached skill level 6 in Dodging
  7222 | D:7      | Reached XP level 10. HP: 30/54 MP: 11/11
  7414 | D:7      | Found a snail-covered altar of Cheibriados.
  7949 | D:8      | Noticed Maurice
  7953 | D:8      | Killed Maurice
  7990 | D:8      | Reached *** piety under Hepliaklqana
  8312 | D:8      | Found a flagged portal.
  8452 | Bailey   | Entered a bailey
  8513 | Bailey   | Reached skill level 1 in Conjurations
  8551 | Bailey   | Reached skill level 7 in Dodging
  8551 | Bailey   | Reached skill level 1 in Spellcasting
  8608 | Bailey   | Noticed a gargoyle
  8622 | Bailey   | Killed a gargoyle
  8623 | Bailey   | Reached skill level 10 in Stealth
  8883 | Bailey   | Identified the +2 pair of gloves "Ixtis" {rN+++ Dex-2 SInv
                  | Stlth+}
  9217 | D:8      | Found a shadowy altar of Dithmenos.
  9322 | D:8      | Found a bloodstained altar of Trog.
  9328 | D:8      | Found an opulent altar of Gozag.
  9337 | D:8      | Found a sacrificial altar of Ru.
  9342 | D:8      | Found a shimmering blue altar of Sif Muna.
  9347 | D:8      | Found an ornate altar of the Wu Jian Council.
  9354 | D:8      | Found a glowing silver altar of Zin.
  9359 | D:8      | Found an ancient bone altar of Kikubaaqudgha.
  9669 | D:9      | Noticed a two-headed ogre
  9674 | D:9      | Killed a two-headed ogre
  9675 | D:9      | Reached skill level 1 in Ranged Weapons
  9675 | D:9      | Reached XP level 11. HP: 52/60 MP: 13/13
  9723 | D:9      | Reached skill level 5 in Armour
  9736 | D:9      | Noticed a two-headed ogre
  9739 | D:9      | Killed a two-headed ogre
  9740 | D:9      | Reached skill level 5 in Shields
  9773 | D:9      | Noticed Erica
 10013 | D:9      | Found a staircase to the Orcish Mines.
 10109 | D:9      | Learned a level 3 spell: Ozocubu's Armour
 10117 | D:9      | Learned a level 7 spell: Ozocubu's Refrigeration
 10175 | D:9      | Reached **** piety under Hepliaklqana
 10644 | D:10     | Entered Level 10 of the Dungeon
 10748 | D:9      | Killed Erica
 10749 | D:9      | Reached skill level 1 in Ice Magic
 11384 | D:10     | Found a hazy altar of Hepliaklqana.
 11389 | D:10     | Found a basalt altar of Yredelemnul.
 11460 | D:10     | Reached skill level 8 in Dodging
 11460 | D:10     | Found a large runed translucent door.
 11497 | D:10     | Found a large runed translucent door.
 11695 | D:10     | Reached XP level 12. HP: 55/65 MP: 13/15
 11901 | D:10     | Noticed hndcvy's ghost (novice MiFi)
 11931 | D:10     | Killed hndcvy's ghost
 12148 | D:11     | Noticed a two-headed ogre
 12152 | D:11     | Killed a two-headed ogre
 12190 | D:11     | You fall into a shaft and drop 2 floors!
 12221 | D:13     | Noticed a two-headed ogre
 12286 | D:13     | Noticed a centaur warrior
 12373 | D:12     | Noticed a four-headed hydra
 12386 | D:11     | Noticed a six-headed hydra
 12390 | D:11     | Killed a six-headed hydra
 13114 | D:11     | Noticed a two-headed ogre
 13131 | D:10     | Reached skill level 5 in Ranged Weapons
 13256 | D:11     | Killed a two-headed ogre
 13559 | D:11     | Reached skill level 5 in Invocations
 13729 | D:11     | Reached skill level 10 in Short Blades
 13814 | D:11     | Found a staircase to the Lair.
 14440 | Lair:1   | Entered Level 1 of the Lair of Beasts
 14546 | Lair:1   | Noticed a four-headed hydra
 14556 | Lair:1   | Reached skill level 9 in Dodging
 14556 | Lair:1   | Reached XP level 13. HP: 71/71 MP: 12/17
 14572 | Lair:1   | Killed a four-headed hydra
 14884 | Lair:1   | Reached skill level 1 in Long Blades
 15731 | Lair:2   | Identified the +6 plate armour of Vuycaufe {SInv}
 16076 | Lair:2   | You fall into a shaft and drop 1 floor!
 16911 | Lair:3   | Noticed Snorg
 16921 | Lair:3   | Killed Snorg
 17376 | Lair:3   | Found a staircase to the Swamp.
 17652 | Lair:3   | Found a hole to the Spider Nest.
 18359 | Lair:4   | Noticed a four-headed hydra
 18365 | Lair:4   | Killed a four-headed hydra
 18720 | Lair:4   | Reached skill level 5 in Ice Magic
 19123 | Lair:5   | Entered Level 5 of the Lair of Beasts
 19176 | Lair:5   | Reached XP level 14. HP: 77/77 MP: 18/18
 19228 | Lair:5   | Reached skill level 10 in Dodging
 19329 | Lair:5   | Found a viscous altar of Jiyva.
 19329 | Lair:5   | Found a staircase to the Slime Pits.
 20136 | Orc:1    | Entered Level 1 of the Orcish Mines
 20143 | Orc:1    | Found Toduamn's Vocational Training.
 20447 | Orc:2    | Entered Level 2 of the Orcish Mines
 20548 | Orc:2    | Noticed an orc warlord
 20886 | D:12     | Noticed Psyche
 20890 | D:12     | Killed Psyche
 20891 | D:12     | Reached skill level 1 in Earth Magic
 21474 | D:12     | Learned a level 3 spell: Swiftness
 21986 | D:13     | Reached skill level 1 in Air Magic
 21991 | D:13     | Reached skill level 10 in Fighting
 22000 | D:13     | Found an ancient bone altar of Kikubaaqudgha.
 22433 | D:13     | Reached XP level 15. HP: 82/82 MP: 20/20
 22723 | Orc:1    | Killed an orc warlord
 22967 | Orc:1    | Reached skill level 11 in Dodging
 23681 | Orc:2    | Noticed an orc warlord
 23731 | Orc:1    | Learned a level 1 spell: Shock
 23843 | Orc:2    | Found Ahemmeplom's Antique Armour Emporium.
 23843 | Orc:2    | Found Musiddul's Antique Weapon Emporium.
 23852 | Orc:2    | Found Loxty's General Store.
 23853 | Orc:2    | Found Ravirch's Book Shoppe.
 24031 | Orc:2    | Killed an orc warlord
 24282 | Orc:2    | Found a staircase to the Elven Halls.
 24740 | Orc:2    | Bought a potion of ambrosia for 136 gold pieces
 24740 | Orc:2    | Bought a scroll of enchant weapon for 127 gold pieces
 25193 | Lair:5   | Found a shimmering altar of Xom.
 26032 | Lair:5   | Reached skill level 5 in Conjurations
 26493 | Lair:5   | Reached skill level 5 in Earth Magic
 27142 | D:5      | Bought a scroll labelled ONTYLE VYKHIA for 32 gold pieces
 27162 | D:5      | Acquired the amulet "Qoddiym" {Reflect rElec SH+5}
 27204 | D:6      | Bought a scroll of teleportation for 33 gold pieces
 27239 | D:5      | Bought 3 scrolls of blinking for 720 gold pieces
 27239 | D:5      | Bought a scroll of fear for 128 gold pieces
 27334 | D:13     | Noticed Urug
 27334 | D:13     | Found a gate to the Vaults.
 27409 | D:13     | Found a runed translucent gate.
 27410 | D:13     | Found a runed translucent gate.
 27411 | D:13     | Found a runed translucent gate.
 27442 | D:13     | Reached XP level 16. HP: 89/89 MP: 17/21
 27444 | D:13     | Killed Urug
 27522 | D:13     | Reached skill level 5 in Long Blades
 28543 | D:13     | Found the +8 Wrath of Trog {antimagic, *Rage Rampage}
 28556 | D:13     | Reached skill level 10 in Ranged Weapons
 28838 | D:14     | Noticed Louise
 28851 | D:14     | Killed Louise
 29555 | D:14     | Found a runed translucent door.
 29600 | D:14     | Noticed Lodul
 29610 | D:14     | Killed Lodul
 29953 | D:15     | Entered Level 15 of the Dungeon
 30020 | D:15     | Found a portal to a secret trove of treasure.
 30062 | D:15     | Noticed Nessos
 30242 | D:6      | Noticed Edmund
 30249 | D:6      | Killed Edmund
 30457 | D:15     | Killed Nessos
 31033 | D:15     | Reached skill level 12 in Dodging
 31315 | D:15     | Found Wics's Magic Scroll Shoppe.
 31331 | D:15     | Bought a scroll of acquirement for 780 gold pieces
 31331 | D:15     | Acquired 806 gold pieces
 31335 | D:15     | Bought a scroll of teleportation for 45 gold pieces
 31335 | D:15     | Bought a scroll of blinking for 112 gold pieces
 31335 | D:15     | Bought a scroll of enchant armour for 112 gold pieces
 31335 | D:15     | Bought a scroll of fear for 60 gold pieces
 31650 | D:15     | Found a staircase to the Depths.
 31915 | D:15     | Reached XP level 17. HP: 62/93 MP: 22/22
 32378 | Spider:1 | Entered Level 1 of the Spider Nest
 33657 | Spider:1 | Noticed Donald
 33663 | Spider:1 | Killed Donald
 34033 | Spider:1 | Found a hide-covered altar of Uskayaw.
 34628 | Swamp:1  | Entered Level 1 of the Swamp
 35606 | Swamp:1  | Found a runed translucent gate.
 35607 | Swamp:1  | Found a runed translucent gate.
 35608 | Swamp:1  | Found a runed translucent gate.
 35830 | Swamp:2  | Noticed a tentacled monstrosity
 36045 | Swamp:2  | Noticed Mlioglotl
 36056 | Swamp:2  | Killed Mlioglotl
 36693 | Swamp:2  | Killed a tentacled monstrosity
 36842 | Swamp:2  | Noticed Jorgrun
 37634 | Swamp:2  | Killed Jorgrun
 37700 | Swamp:2  | Noticed Kirke
 37703 | Swamp:2  | Found a runed translucent door.
 37704 | Swamp:2  | Noticed Adwoimy's ghost (adept OpSu)
 38024 | Swamp:2  | Reached XP level 18. HP: 100/100 MP: 23/23
 38125 | Swamp:2  | Killed Kirke
 38126 | Swamp:2  | Reached skill level 10 in Shields
 39191 | Swamp:4  | Entered Level 4 of the Swamp
 41477 | Spider:2 | Identified Roxanne's Almanac of the Geologist
 41477 | Spider:2 | Noticed Roxanne
 41839 | Spider:2 | Noticed Arachne
 41857 | Spider:2 | Killed Arachne
 43087 | Spider:3 | Reached XP level 19. HP: 97/104 MP: 19/24
 43094 | Spider:3 | Reached skill level 13 in Dodging
 43858 | Spider:3 | Found the +4 moon troll leather armour {Spirit, Regen++
                  | MP+5}
 44650 | Spider:4 | Entered Level 4 of the Spider Nest
 45014 | Spider:4 | Found a runed translucent gate.
 45015 | Spider:4 | Found a runed translucent gate.
 45016 | Spider:4 | Found a runed translucent gate.
 45571 | Spider:4 | Reached skill level 10 in Long Blades
 45758 | Spider:4 | Identified the +2 pair of gloves of Painted the Leaf {rElec
                  | rF++ rN+ Will-}
 45778 | Spider:4 | Got a gossamer rune of Zot
 45788 | Spider:4 | Identified the +1 hat of Infinity {rCorr Slay+2}
 45911 | Spider:4 | Noticed roguespy's ghost (adept TrFi)
 45911 | Spider:4 | Noticed leetdood's ghost (adept MiFi)
 46070 | Spider:4 | Identified the ring of New Discoveries {Ice Str+3}
 46373 | Elf:1    | Entered Level 1 of the Elven Halls
 46373 | Elf:1    | Found a runed translucent gate.
 46373 | Elf:1    | Found a runed translucent gate.
 46373 | Elf:1    | Found a runed translucent gate.
 46373 | Elf:1    | Found a runed translucent gate.
 46373 | Elf:1    | Found a runed translucent gate.
 46373 | Elf:1    | Found a runed translucent gate.
 46405 | Elf:1    | Found a runed translucent door.
 46565 | Elf:1    | Paralysed by an air elemental for 1 turns
 46597 | Elf:1    | Found a runed translucent door.
 46951 | Elf:1    | Reached XP level 20. HP: 84/111 MP: 21/25
 47026 | Elf:1    | Identified the +7 sling of the Chain {freeze, rPois Int-3
                  | Dex+6}
 47075 | Elf:1    | Found a magical portal.
 47081 | WizLab   | Entered Wucad Mu's Monastery
 47460 | WizLab   | Found the +9 staff of Wucad Mu {*channel}
 47778 | Elf:1    | Reached skill level 15 in Stealth
 47851 | Elf:1    | Found a radiant altar of Vehumet.
 47971 | Elf:1    | Reached skill level 10 in Armour
 48105 | Elf:1    | You fall into a shaft and drop 1 floor!
 48108 | Elf:2    | Found a runed translucent gate.
 48108 | Elf:2    | Found a runed translucent gate.
 48109 | Elf:2    | Found a runed translucent gate.
 48158 | Elf:2    | Reached skill level 14 in Dodging
 48999 | Elf:2    | Found Exoylule's Armour Shop.
 49208 | Elf:2    | Noticed a Brimstone Fiend
 49507 | Elf:2    | Reached skill level 15 in Ranged Weapons
 50149 | Elf:3    | Entered Level 3 of the Elven Halls
 50189 | Elf:3    | Reached XP level 21. HP: 112/116 MP: 26/26
 50215 | Elf:3    | Found a runed translucent gate.
 50220 | Elf:3    | Found a runed translucent gate.
 50221 | Elf:3    | Found a runed translucent gate.
 50265 | Elf:3    | Found Vashaug's Distillery.
 50397 | Elf:3    | Identified the +1 chain mail "Nevve" {Str+3}
 50622 | Elf:3    | Noticed a Tzitzimitl
 50887 | Elf:3    | Identified the ring of Anarchy {Wiz MP+9}
 50931 | Elf:3    | Identified the +1 leather armour of the Indestructible God
                  | {Dex+2}
 50957 | Elf:3    | Identified the +3 rapier of the Coin {antimagic, Int+6
                  | Stlth+}
 51135 | Elf:3    | Identified the +0 scale mail of the Aged Dreams {Dex+3}
 51152 | Elf:3    | Identified the +8 mace of Buyh {flame, rElec Int+3}
 51249 | Elf:3    | Got the Book of the Amorphous Dead
 51290 | Elf:3    | Identified the +11 falchion of Callousness {elec, rC+}
 51305 | Elf:3    | Identified the +0 pair of gloves "Ivudonke" {-Tele Int+6}
 51307 | Elf:3    | Got Ula Haom's Volume of Outbursts and Ice
 51663 | Elf:3    | Found a runed translucent gate.
 51663 | Elf:3    | Found a runed translucent gate.
 51664 | Elf:3    | Found a runed translucent gate.
 52374 | Swamp:4  | Identified the +3 hand axe of Vir Riakk {freeze, Str+7
                  | Stlth-}
 52379 | Swamp:4  | Got a decaying rune of Zot
 52394 | Swamp:4  | Reached skill level 15 in Dodging
 52777 | Swamp:4  | Reached XP level 22. HP: 123/123 MP: 27/27
 53595 | Vaults:1 | Entered Level 1 of the Vaults
 54170 | Vaults:1 | Reached skill level 1 in Necromancy
 55490 | Vaults:1 | Reached skill level 5 in Summonings
 56494 | Vaults:2 | Found a huge runed gate.
 56494 | Vaults:2 | Found a huge runed gate.
 56494 | Vaults:2 | Found a huge runed gate.
 56494 | Vaults:2 | Found a huge runed gate.
 56495 | Vaults:2 | Found a huge runed gate.
 56496 | Vaults:2 | Found a huge runed gate.
 56497 | Vaults:2 | Found a huge runed gate.
 56498 | Vaults:2 | Found a huge runed gate.
 56499 | Vaults:2 | Found a huge runed gate.
 56500 | Vaults:2 | Found a huge runed gate.
 56505 | Vaults:2 | Found a huge runed gate.
 56505 | Vaults:2 | Found a huge runed gate.
 56506 | Vaults:2 | Found a huge runed gate.
 56507 | Vaults:2 | Found a huge runed gate.
 56508 | Vaults:2 | Found a huge runed gate.
 56509 | Vaults:2 | Found a huge runed gate.
 56511 | Vaults:2 | Found a huge runed gate.
 56512 | Vaults:2 | Found a huge runed gate.
 56514 | Vaults:2 | Found a huge runed gate.
 56528 | Vaults:2 | Found a huge runed gate.
 56528 | Vaults:2 | Found a huge runed gate.
 56722 | Vaults:2 | Found Tyfaf's Assorted Antiques.
 57811 | Vaults:2 | Reached XP level 23. HP: 127/127 MP: 28/28
 57938 | Vaults:2 | Found a huge runed gate.
 58057 | Vaults:2 | Found a huge runed gate.
 58058 | Vaults:2 | Found a huge runed gate.
 58059 | Vaults:2 | Found a huge runed gate.
 58060 | Vaults:2 | Found a huge runed gate.
 58061 | Vaults:2 | Found a huge runed gate.
 58062 | Vaults:2 | Found a huge runed gate.
 58067 | Vaults:2 | Found a huge runed gate.
 58067 | Vaults:2 | Found a huge runed gate.
 58068 | Vaults:2 | Found a huge runed gate.
 58069 | Vaults:2 | Found a huge runed gate.
 58070 | Vaults:2 | Found a huge runed gate.
 58071 | Vaults:2 | Found a huge runed gate.
 58072 | Vaults:2 | Found a huge runed gate.
 58073 | Vaults:2 | Found a huge runed gate.
 59412 | Vaults:3 | Reached skill level 16 in Dodging
 59565 | Vaults:3 | Noticed Xtahua
 59574 | Vaults:3 | Killed Xtahua
 60183 | Vaults:3 | Found a staircase to the Crypt.
 61372 | Vaults:4 | Reached skill level 5 in Necromancy
 61378 | Vaults:4 | Reached skill level 10 in Earth Magic
 61970 | Vaults:4 | Reached ***** piety under Hepliaklqana
 62895 | Vaults:4 | Reached XP level 24. HP: 134/134 MP: 28/28
 63268 | Crypt:1  | Entered Level 1 of the Crypt
 63315 | Crypt:1  | Noticed Grunn
 63328 | Crypt:1  | Killed Grunn
 63329 | Crypt:1  | Reached skill level 15 in Fighting
 63404 | Crypt:1  | Identified the +9 trident of the Common Good {antimagic,
                  | Dex+4}
 64682 | Crypt:2  | Reached skill level 17 in Dodging
 65616 | Crypt:3  | Entered Level 3 of the Crypt
 65753 | Crypt:3  | Noticed Boris
 65758 | Crypt:3  | Killed Boris
 66081 | Crypt:3  | Found a staircase to the Tomb.
 66171 | Crypt:3  | Noticed Jory
 66183 | Crypt:3  | Killed Jory
 66184 | Crypt:3  | Reached XP level 25. HP: 139/140 MP: 28/28
 66227 | Crypt:3  | Found the +5 sword of Power {vorpal}
 66450 | Crypt:3  | Noticed an ancient lich
 66465 | Crypt:3  | Killed an ancient lich
 66493 | Crypt:3  | Found an ancient bone altar of Kikubaaqudgha.
 66794 | Crypt:3  | Identified the +11 war axe of the Kissing Owl {freeze,
                  | *Noise rF+++ rCorr Int-5}
 66871 | Crypt:3  | Found the +5 lochaber axe {reach-cleave, poleaxe}
 66879 | Crypt:3  | Got the Anthology of Gloom
 67402 | Depths:1 | Entered Level 1 of the Depths
 67508 | Depths:1 | Found a broken altar of Ashenzari.
 67989 | Depths:1 | Noticed Mara
 68613 | Depths:1 | Killed Mara
 69139 | Depths:1 | Reached skill level 10 in Conjurations
 69265 | Depths:1 | Found a gateway to Hell.
 69607 | Depths:1 | Found a one-way gate leading to the halls of Pandemonium.
 70237 | Depths:2 | Learned a level 5 spell: Borgnjor's Vile Clutch
 70681 | Depths:2 | Found Omyxtot's Antique Weapon Shoppe.
 70687 | Depths:2 | Bought an iridescent rapier for 180 gold pieces
 70687 | Depths:2 | Identified the +4 rapier of Arol {vorpal, Str+2 Int+4} (You
                  | bought it in a shop on level 2 of the Depths)
 70913 | Depths:2 | Found a one-way gate to the infinite horrors of the Abyss.
 70920 | Depths:2 | Reached XP level 26. HP: 135/146 MP: 28/28
 70977 | Depths:2 | Reached skill level 18 in Dodging
 71434 | Depths:2 | Noticed a juggernaut
 71435 | Depths:2 | Identified the ring of Pride {rElec Slay+2 SInv}
 71443 | Depths:2 | Killed a juggernaut
 72100 | Depths:3 | Found a glowing golden altar of the Shining One.
 72395 | Depths:3 | You fall into a shaft and drop 1 floor!
 72395 | Depths:4 | Entered Level 4 of the Depths
 72395 | Depths:4 | Found a one-way gateway to a ziggurat.
 72804 | Depths:3 | Reached skill level 15 in Shields
 72808 | Depths:3 | Noticed a juggernaut
 72816 | Depths:3 | Killed a juggernaut
 73033 | Depths:3 | Identified the +2 helmet "Setyic" {Fly rPois Dex+4}
 73108 | Depths:3 | Reached skill level 10 in Necromancy
 73183 | Depths:3 | Noticed a juggernaut
 73193 | Depths:3 | Killed a juggernaut
 73212 | Depths:3 | Noticed a juggernaut
 73223 | Depths:3 | Killed a juggernaut
 73465 | Depths:3 | Identified the +11 demon blade "Xeil" {protect, Str+6}
 73498 | Depths:3 | Found a runed translucent door.
 73505 | Depths:3 | Noticed a juggernaut
 73505 | Depths:3 | a rockslime changed into a juggernaut
 73508 | Depths:3 | Noticed a juggernaut
 73511 | Depths:3 | a juggernaut changed into an iron giant
 73523 | Depths:3 | Killed a juggernaut
 73555 | Depths:3 | Got Ihobran's Directory of the Glacier and the Ground
 73580 | Depths:3 | Found a blossoming altar of Fedhas.
 74518 | Depths:4 | Found a blossoming altar of Fedhas.
 74564 | Depths:4 | Reached skill level 19 in Dodging
 74824 | Depths:4 | Reached XP level 27. HP: 151/151 MP: 28/28
 75012 | Depths:4 | Found a gate to the Realm of Zot.
 75711 | Slime:1  | Entered Level 1 of the Pits of Slime
 75826 | Slime:1  | Gained mutation: You are clumsy. (Dex -2) [a shining eye]
 76153 | Vaults:5 | Entered Level 5 of the Vaults
 76308 | Vaults:5 | Noticed a dread lich
 76606 | Vaults:4 | Killed a dread lich
 76971 | Vaults:5 | Identified the amulet "Relem" {Spirit Str+4 Int+4 Dex+3}
 77329 | Vaults:5 | Identified the ring of Satyriasis {rCorr Str+5}
 77381 | Vaults:5 | Noticed a dread lich
 77387 | Vaults:5 | Killed a dread lich
 77413 | Vaults:5 | Identified the +2 helmet "Veqacuip" {rElec rF+ Dex+5}
 77583 | Vaults:5 | Identified the +0 cloak "Ykablud" {Dex+4}
 77601 | Vaults:5 | Reached skill level 20 in Dodging
 77878 | Vaults:5 | Identified the ring of Eternal Harmony {Fire Fly rPois
                  | Str+6 Slay-6}
 78495 | Vaults:5 | Got a silver rune of Zot
 79166 | Vaults:5 | Learned a level 6 spell: Iron Shot
 79476 | Elf:3    | Bought 2 potions of curing for 108 gold pieces
 79476 | Elf:3    | Bought a potion of haste for 180 gold pieces
 79476 | Elf:3    | Bought 2 potions of mutation for 288 gold pieces
 79476 | Elf:3    | Bought a potion of resistance for 180 gold pieces
 79476 | Elf:3    | Bought a potion of cancellation for 144 gold pieces
 79476 | Elf:3    | Bought a potion of curing for 54 gold pieces
 79476 | Elf:3    | Bought a potion of invisibility for 144 gold pieces
 79905 | Zot:1    | Entered Level 1 of the Realm of Zot
 79905 | Zot:1    | You fall into a shaft and drop 1 floor!
 80652 | Zot:2    | Reached skill level 15 in Earth Magic
 81178 | Zot:2    | Noticed an orb of fire
 81188 | Zot:2    | Killed an orb of fire
 82758 | Zot:3    | Noticed a Killer Klown
 82783 | Zot:3    | Killed a Killer Klown
 84320 | Zot:4    | Reached skill level 21 in Dodging
 87633 | Zot:1    | Noticed an orb of fire
 87635 | Zot:1    | Gained mutation: You are frail. (-10% HP) [an orb of fire]
 87655 | Zot:1    | Killed an orb of fire
 88277 | Zot:5    | Entered Level 5 of the Realm of Zot
 89184 | Zot:5    | Reached skill level 15 in Conjurations
 89328 | Zot:5    | Noticed an orb of fire
 89330 | Zot:5    | Noticed an orb of fire
 89433 | Zot:5    | Noticed an orb of fire
 89523 | Zot:5    | Gained mutation: Your body sometimes deteriorates upon
                  | taking damage. [an orb of fire]
 89543 | Zot:4    | Killed an orb of fire
 89544 | Zot:4    | Reached skill level 22 in Dodging
 89702 | Zot:5    | Noticed an orb of fire
 89702 | Zot:5    | Noticed a Killer Klown
 89720 | Zot:4    | Killed an orb of fire
 89857 | Zot:4    | Gained mutation: Armour fits poorly on your strangely
                  | shaped body. [an orb of fire]
 89872 | Zot:4    | Gained mutation: You passively map a small area around you.
                  | [an orb of fire]
 89879 | Zot:4    | Gained mutation: You do not regenerate when monsters are
                  | visible. [an orb of fire]
 89881 | Zot:4    | Killed an orb of fire
 89918 | Zot:4    | Lost mutation: You do not regenerate when monsters are
                  | visible. [potion of mutation]
 89918 | Zot:4    | Lost mutation: You are frail. (-10% HP) [potion of
                  | mutation]
 89918 | Zot:4    | Lost mutation: Your body sometimes deteriorates upon taking
                  | damage. [potion of mutation]
 89918 | Zot:4    | Gained mutation: You have sharp toenails. [potion of
                  | mutation]
 89918 | Zot:4    | Lost mutation: You have sharp toenails. [potion of
                  | mutation]
 89943 | Zot:5    | Gained mutation: You are very clumsy. (Dex -4) [an orb of
                  | fire]
 89944 | Zot:5    | Gained mutation: Your body sometimes deteriorates upon
                  | taking damage. [an orb of fire]
 89948 | Zot:5    | Gained mutation: You possess an exceptional clarity of
                  | mind. [an orb of fire]
 89951 | Zot:5    | Killed an orb of fire
 89958 | Zot:5    | Killed a Killer Klown
 89998 | Zot:5    | Noticed an ancient lich
 90010 | Zot:5    | Killed an ancient lich
 90035 | Zot:5    | Noticed a Killer Klown
 90048 | Zot:5    | Killed a Killer Klown
 90099 | Zot:5    | Noticed a Killer Klown
 90107 | Zot:5    | Noticed a juggernaut
 90107 | Zot:5    | a Killer Klown changed into a juggernaut
 90115 | Zot:5    | Killed a juggernaut
 90229 | Zot:5    | Noticed a Killer Klown
 90240 | Zot:5    | Killed a Killer Klown
 90602 | Zot:5    | Noticed a Killer Klown
 90615 | Zot:5    | Killed a Killer Klown
 90766 | Zot:5    | Noticed a Killer Klown
 90775 | Zot:5    | Killed a Killer Klown
 90856 | Zot:5    | Noticed a dread lich
 90873 | Zot:5    | Killed a dread lich
 91034 | Zot:5    | Reached skill level 23 in Dodging
 91073 | Zot:5    | Noticed a Killer Klown
 91083 | Zot:5    | Killed a Killer Klown
 91443 | Zot:5    | Noticed a Killer Klown
 91450 | Zot:5    | Noticed a shard shrike
 91450 | Zot:5    | a Killer Klown changed into a shard shrike
 91452 | Zot:5    | Killed a shard shrike
 92105 | Zot:5    | Got the Orb of Zot
 92546 | D:15     | Noticed Faank the pandemonium lord
 92793 | D:$      | Escaped with the Orb!

Illustrated notes

Levels and vault maps discovered:
D:1:      lightli_arrival_statue_moat, layout_rooms, grunt_decor_mini_mirrors,
          minivault_24
D:2:      layout_loops_cross, basic_altar, nrook_loot_triangle,
          nicolae_concentric_dashed_squares_mild, minmay_hexomino_c4,
          uniq_terence, uniq_crazy_yiuf_cottage
D:3:      layout_basic, cheibrodos_sewer_entry_bend,
          dilly_ecumenical_altar_fadedgnrine, grunt_ministairs_2,
          minmay_pentangle
D:4:      layout_gridville
D:5:      layout_cave_pools, serial_gnoll_camp, gnoll_camp_mini_hut,
          gnoll_camp_mini_doghouse, gnoll_camp_medium_02, gnoll_camp_mini_house,
          serial_shops, nicolae_shop_overgrown_old_shop, serial_bayou_pond_b,
          feat_on_display, uniq_eustachio
D:6:      layout_basic, nicolae_tso_besieged_by_evil, serial_shops,
          nicolae_square_shop, uniq_edmund
D:7:      layout_cave_pools, mainiacjoe_overflow_cross_hatched,
          minmay_temple_entry_ruins, eino_jars
D:8:      layout_basic, grunt_temple_overflow_octagram, grunt_dithmenos_smoke,
          enter_bailey_2, uniq_maurice
D:9:      layout_basic, david_orc_2, serial_bayou, serial_bayou_shore_a,
          serial_bayou_lagoon_a, serial_bayou_pond_b, serial_bayou_pond_b,
          uniq_erica
D:10:     layout_rooms, mainiacjoe_overflow_big_doors,
          ebering_ghost_disaster_area
D:11:     argonaut_augean_stables, layout_cave_pools, erik_lair_island,
          minivault_24, nrook_mini_vaults
D:12:     layout_long_grid, portal_ice_cave_entry_pillars_1, minivault_27,
          uniq_psyche
D:13:     evilmike_negative_zone, layout_basic, david_vaults_3,
          ploomutoo_gammafunk_ghost_potion_laboratory
D:14:     layout_loops_ring, serial_bayou_pond_e, nicolae_eternal_life,
          lightli_church_of_beogh, uniq_lodul, uniq_louise
D:15:     grunt_enter_depths_hoard, layout_irregular_city, serial_shops,
          nicolae_shop_trees, enter_trove_1, serial_park_tiny_pond, uniq_nessos
Lair:1:   layout_cave_pods, st_stairs_6, chequers_serial_rivers_micro_a,
          disabler_island
Lair:2:   layout_chaotic_city, wad_woods_river_01
Lair:3:   layout_chaotic_city, swamp_mist_pool, spider_nest_entry_funnel_web,
          grunt_megastairs_4, infiniplex_staircase_pool, uniq_snorg
Lair:4:   layout_gridlike
Lair:5:   grunt_lair_end_beastmaster, layout_regular_city, slime_entry_1,
          basic_altar, grunt_megastairs_3
Swamp:1:  layout_basic_swamp, ebering_ghost_rock_garden,
          hangedman_swamp_ruin_wall
Swamp:2:  layout_basic_swamp, gammafunk_ghost_grave,
          evilmike_swamp_ruin_house_3, swamp_pool4, nicolae_swamp_fairy_circle,
          st_swamp_ruins_2, uniq_kirke, uniq_jorgrun, uniq_mlioglotl
Swamp:3:  layout_basic_swamp, evilmike_swamp_ruin_rubble_1, swamp_pool4
Swamp:4:  swamp_alternative, layout_basic_swamp, swamp_pool1,
          nicolae_swamp_very_dense_foliage
Spider:1: layout_cave_pods, nicolae_spider_altar_of_dancing, uniq_donald
Spider:2: layout_spider_delve, uniq_roxanne, uniq_arachne
Spider:3: layout_chambers, nicolae_spider_not_touching_you
Spider:4: hellmonk_spider_rune_bug_friends, gammafunk_ghost_cemetery,
          beargit_elvish_explorers
Slime:1:  cheibrodos_slime_lost_civilization_9, layout_caves,
          nicolae_slime_phagocytosis
Orc:1:    layout_diamond_mine, nicolae_shop_vocational
Orc:2:    st_orc_congregation, layout_diamond_mine, basic_altar,
          gauntlet_entry_generic, statue_in_the_mist_lemuel
Elf:1:    nicolae_elf_arrival_dilemma, layout_loops_cross, basic_altar,
          mu_enter_wizlab_4, hangedman_elven_crosses_minicolossus,
          fake_guardian_serpent_vault
Elf:2:    nicolae_elf_blades_crystal_corner, layout_rooms, serial_shops,
          shop_statue
Elf:3:    minmay_elf_hall_furrowed, layout_rooms,
          ploomutoo_gammafunk_ghost_potion_laboratory, serial_shops,
          nicolae_shop_trees
Vaults:1: grunt_vaults_trifunnel, v_rooms_1, v_misc_15,
          nicolae_vaults_triangles, hangedman_vaults_stretched_pinwheel,
          vaults_dpeg_hooks, vaults_room_pools, v_misc_3,
          vaults_room_stairs_pillars, layout_vaults_big_room
Vaults:2: ontoclasm_vaults_ring_square, not_door_vault_due,
          nicolae_vaults_hallways_thing, vaults_dpeg_diagonal, serial_ice_g,
          dpeg_vaults_monster_box, v_misc_26, v_rooms_2, vaults_room_corners,
          v_misc_4, grunt_vaults_twisty, vaults_room_door_ring,
          layout_vaults_omnibox, serial_shops, nicolae_shop_advertising_works
          [nicolae_subvault_shop_adworks], serial_glass
Vaults:3: vaults_dpeg_spiral, minmay_crypt_entry_simple_sparse, v_misc_12,
          hangedman_vaults_corner_blocks, vaults_room_boxed,
          ontoclasm_vaults_misaligned, hangedman_vaults_trim, v_rooms_3,
          hangedman_vaults_slice, grunt_vaults_funnel, layout_vaults_ring,
          uniq_xtahua
Vaults:4: hangedman_vaults_corner_blocks, vaults_dpeg_ring, v_misc_19,
          vaults_room_pools, vaults_room_fours, v_misc_15,
          nicolae_vaults_big_angled_halls, ontoclasm_vaults_ring_large,
          v_misc_15, hangedman_vaults_stream, v_misc_26, layout_vaults_big_cross
Vaults:5: serial_shops
Crypt:1:  layout_misc_corridors, grunt_crypt_arrival_guarded_gate, uniq_grunn
Crypt:2:  layout_chaotic_city, lemuel_elevator
Crypt:3:  cryptofortress_bobbens, uniq_boris, uniq_jory
Depths:1: layout_gridlike, grunt_hell_entry_dis_mu, ashenzari_altar_1,
          rand_demon_pan_entry_4, nicolae_titane, grunt_megastairs_1, uniq_mara
Depths:2: minmay_concentric_multi, layout_basic, pan_entry, serial_shops, shop,
          nicolae_wwwww, abyss_entry, hangedman_geh_valley,
          kennysheep_crisscross
Depths:3: minmay_the_grid_triangle_9x9_recursive_3_mashed
          [minmay_the_grid_triangle_9x9_subtriangle,
          minmay_the_grid_triangle_9x9_wacky_v,
          minmay_the_grid_triangle_9x9_shrine,
          minmay_the_grid_triangle_9x9_prize_schism,
          minmay_the_grid_triangle_9x9_odd_lines,
          minmay_the_grid_triangle_9x9_alien,
          minmay_the_grid_triangle_9x9_warning,
          minmay_the_grid_triangle_9x9_longest,
          minmay_the_grid_triangle_9x9_thin_v], layout_cave_pools,
          lemuel_round_altar, hell_entry, abyss_entry,
          infiniplex_staircase_pillars_2
Depths:4: grunt_zot_entry_funnels, layout_basic, enter_ziggurat_a,
          hangedman_coc_ice_floe, rand_demon_pan_entry_8,
          fedhas_altar_fruit_tree
Zot:1:    lemuel_acid_trip, layout_onion_interference
Zot:2:    grunt_zot_stairs_overgrown, layout_gridlike, drop_trap, st_stairs_8,
          uniq_parghit
Zot:3:    layout_gridlike
Zot:4:    layout_misc_corridors, grunt_megastairs_2
Zot:5:    layout_gridlike

Skill      XL: |  1  2  3  4  5  6  7  8  9 10 11 12 13 14 15 16 17 18 19 20 21 22 23 24 25 26 27 |
---------------+----------------------------------------------------------------------------------+-----
Short Blades   | 3 4 5 6 7 8 9 10 | 10.1
Dodging        | 2 3 4 5 6 7 8 9 10 11 12 13 14 15 16 17 19 23 | 23.2
Armour         | 1 2 3 4 5 6 7 8 9 10 11 12 13 | 13.2
Fighting       | 3 4 5 6 7 8 9 10 11 12 13 14 15 16 19 | 19.3
Stealth        | 6 7 8 9 10 11 12 13 14 15 | 15.3
Shields        | 1 2 3 4 5 6 7 8 9 11 12 13 14 15 17 | 17.3
Summonings     | 1 2 3 5 |  5.2
Invocations    | 2 3 4 5 6 7 |  7.1
Conjurations   | 2 5 6 7 8 9 10 12 15 | 15.0
Spellcasting   | 1 2 3 |  3.7
Ranged Weapons | 1 3 5 7 8 9 10 11 15 16 17 18 19 22 | 22.2
Ice Magic      | 1 3 5 6 8 |  8.9
Long Blades    | 2 4 5 7 9 10 11 12 | 12.5
Earth Magic    | 1 5 6 7 8 9 10 11 12 13 16 | 16.1
Air Magic      | 2 3 4 |  4.8
Necromancy     | 3 5 7 8 10 13 | 13.5
Throwing       | |  2.2

Action                   |  1- 3 |  4- 6 |  7- 9 | 10-12 | 13-15 | 16-18 | 19-21 | 22-24 | 25-27 || total
-------------------------+-------+-------+-------+-------+-------+-------+-------+-------+-------++-------
Melee: Dagger            |    78 |   123 |       |       |       |       |       |       |       ||   201
       Short sword       |       |    27 |   170 |   331 |   335 |   117 |    70 |       |       ||  1050
       Scimitar          |       |       |       |       |   347 |   388 |   380 |       |       ||  1115
       Sling             |       |       |       |       |     1 |       |       |       |     3 ||     4
       Falchion          |       |       |       |       |       |       |       |    88 |       ||    88
       Rapier            |       |       |       |       |       |       |       |    70 |    34 ||   104
       Long sword        |       |       |       |       |       |       |       |    18 |       ||    18
       Demon blade       |       |       |       |       |       |       |       |       |     6 ||     6
 Fire: Sling             |       |       |       |   121 |   185 |   263 |   553 |  1215 |  2957 ||  5294
       Triple crossbow   |       |       |       |       |       |       |       |    30 |       ||    30
Throw: Dart              |     6 |     4 |    27 |     5 |     4 |    12 |     1 |       |       ||    59
 Cast: Ozocubu's Armour  |       |       |       |     1 |     3 |     1 |       |       |     1 ||     6
       Shock             |       |       |       |       |    13 |       |       |     2 |       ||    15
       Iron Shot         |       |       |       |       |       |       |       |       |     2 ||     2
Invok: Recall Ancestor   |       |       |     1 |     3 |    10 |     4 |     7 |       |    14 ||    39
       Ancestor Life: Kn |       |       |     1 |       |       |       |       |       |       ||     1
       Idealise          |       |       |       |     3 |    17 |    10 |    10 |    14 |    18 ||    72
       Transference      |       |       |       |       |       |     1 |       |       |       ||     1
Evoke: Wand              |       |       |       |     3 |     9 |    32 |     2 |       |       ||    46
  Use: Scroll            |     3 |     5 |    11 |    17 |    17 |    17 |    13 |     5 |    23 ||   111
       Potion            |       |       |       |     1 |     7 |     4 |     6 |     1 |    24 ||    43
 Stab: Sleeping          |    21 |    16 |    20 |    51 |    39 |    44 |    32 |    11 |    17 ||   251
       Distracted        |     1 |     3 |     1 |     2 |    10 |    14 |     9 |     4 |       ||    44
       Invisible         |       |       |       |       |       |       |     4 |       |       ||     4
Armor: Leather armour    |    24 |    13 |    28 |    37 |       |       |       |       |       ||   102
       Robe              |     1 |       |       |       |       |       |       |       |       ||     1
       Troll leather arm |       |       |       |     1 |    41 |       |   171 |    76 |   160 ||   449
       Acid dragon scale |       |       |       |       |   108 |   129 |     6 |       |       ||   243
Dodge: Dodged            |    46 |    70 |   126 |   242 |   672 |   454 |   572 |   478 |  1323 ||  3983
Block: Buckler           |       |    22 |    56 |   113 |   284 |   186 |       |       |       ||   661
       Reflection        |       |       |       |       |       |    25 |    25 |    20 |    44 ||   114
       Kite shield       |       |       |       |       |       |   347 |   832 |   723 |  1424 ||  3326
       Other             |       |       |       |       |       |       |       |     4 |       ||     4
